 Dungeon Sprint DCSS version 0.30-a0-782-ge64f9170bb (webtiles) character file.

Game seed: 10273941658997933863

71903 Turgor the End of an Era (level 14, -2/126 HPs)
             Began as a Demonspawn Gladiator on Feb 20, 2023.
             Was the Champion of Qazlal.
             Slain by an iron golem (27 damage)
             ... in the Dungeon (Sprint V: "Ziggurat Sprint").
             The game lasted 00:38:14 (1438 turns).

Turgor the End of an Era (Demonspawn Gladiator)     Turns: 1438, Time: 00:38:15

Health: -2/126     AC: 32    Str: 31    XL:     14   Next: 99%
Magic:  10/29      EV:  6    Int: 10    God:    Qazlal [******]
Gold:   0          SH: 43    Dex: 15    Spells: 25/27 levels left

rFire   + + .      SeeInvis +    J - +16 obsidian axe {drain, demonic, Mesm Drain Fly SInv}
rCold   + + .      Faith    .    L - +18 shield of the Gong {Loud rN+ Will+ rCorr EV-5}
rNeg    + + .      Spirit   .    l - +5 gold dragon scales
rPois   +          Reflect  .    c - +0 helmet
rElec   +          Harm     .    W - +2 cloak {Will+}
rCorr   +          Rampage  .    (gloves unavailable)
Will    +++..      NoTele   +    (no boots) Stlth
                                 b - amulet "Viheiluo" {Acrobat rN+}
HPRegen 0.41/turn                C - +6 ring of strength
MPRegen 0.21/turn                D - +6 ring of strength

@: resistant, protected from physical damage, flying, mesmerised, hasted,
studying Hexes, repel missiles, very quick
A: claws 3, large bone plates 1, demonic magic 1
a: Renounce Religion, Upheaval, Elemental Force, Disaster Area


You were in the Dungeon.
You worshipped Qazlal.
Qazlal was exalted by your worship.
You visited 1 branch

Inventory:

Hand Weapons
 F - a +5 broad axe
 G - the +6 Majin-Bo {spellvamp, MP+6 Int+6}
   (You found it in the Dungeon)

   Int:       It affects your intelligence (+6).
   MP:        It affects your magic capacity (+6).
 H - the +10 dark maul {heavy}
   (You found it in the Dungeon)
 J - the +16 obsidian axe (weapon) {drain, demonic, Mesm Drain Fly SInv}
   (You found it in the Dungeon)

   Mesm:      Its wielder is mesmerised by any visible foes, and it cannot be
   unequipped while any foes are visible.
   SInv:      It lets you see invisible.
   Fly:       It grants you flight.
   Drain:     It drains your maximum health when unequipped.
 O - the +8 mithril axe "Arga" {speed, Will+}
   (You found it in the Dungeon)

   Will:      It increases your willpower.
 U - the +9 dire flail of the Piercing Ass {drain, +Blink Will+ SInv}
   (You found it in the Dungeon)

   SInv:      It lets you see invisible.
   +Blink:    It lets you blink.
   Will:      It increases your willpower.
 Y - the +5 demon whip "Spellbinder" {antimagic, disrupt, Will+}
   (You found it in the Dungeon)

   Will:      It increases your willpower.
Missiles
 d - 3 throwing nets (quivered)
 M - a javelin
Armour
 c - a +0 helmet (worn)
 l - +5 gold dragon scales (worn)
 K - the +15 Maxwell's patent armour {-Cast -Tele rElec Will+ rCorr}
   (You found it in the Dungeon)

   rElec:     It insulates you from electricity.
   -Cast:     It prevents spellcasting.
   -Tele:     It prevents most forms of teleportation.
   rCorr:     It protects you from acid and corrosion.
   Will:      It increases your willpower.
 L - the +18 shield of the Gong (worn) {Loud rN+ Will+ rCorr EV-5}
   (You found it in the Dungeon)

   Loud:      It is deafeningly noisy when blocking attacks.
   EV:        It affects your evasion (-5).
   rN:        It protects you from negative energy.
   rCorr:     It protects you from acid and corrosion.
   Will:      It increases your willpower.
 W - a +2 cloak of willpower (worn)
Jewellery
 a - the ring of Usitoi {Will++ AC+4 Int+3 Stlth+}
   (You found it in the Dungeon)

   [ring of protection]

   AC:        It affects your AC (+4).
   Int:       It affects your intelligence (+3).
   Will:      It greatly increases your willpower.
   Stlth:     It makes you more stealthy.
 b - the amulet "Viheiluo" (around neck) {Acrobat rN+}
   (You found it in the Dungeon)

   [amulet of the acrobat]

   It increases your evasion while moving and waiting.
   rN:        It protects you from negative energy.
 p - the ring of Urutet {*Corrode rPois Str+6 Dex+3 SInv}
   (You took it off a spriggan air mage in the Dungeon)

   [ring of strength]

   Str:       It affects your strength (+6).
   Dex:       It affects your dexterity (+3).
   rPois:     It protects you from poison.
   SInv:      It lets you see invisible.
   *Corrode:  It may corrode you when you take damage.
 v - the amulet "Tytyuve" {rC+ Regen+ MP+9 Dex-5 Slay+2}
   (You found it in the Dungeon)

   [amulet of regeneration]

   Dex:       It affects your dexterity (-5).
   Slay:      It affects your accuracy & damage with ranged weapons and melee
   (+2).
   rC:        It protects you from cold.
   MP:        It affects your magic capacity (+9).
   Regen:     It increases your rate of health regeneration.
 x - the amulet "Zicie" {Acrobat -Cast rElec rCorr Str+3}
   (You found it in the Dungeon)

   [amulet of the acrobat]

   It increases your evasion while moving and waiting.
   Str:       It affects your strength (+3).
   rElec:     It insulates you from electricity.
   -Cast:     It prevents spellcasting.
   rCorr:     It protects you from acid and corrosion.
 y - a +6 ring of dexterity
 B - a +6 ring of intelligence
 C - a +6 ring of strength (left claw)
 D - a +6 ring of strength (right claw)
 N - the ring "Omesex" {Wiz Dex+3}
   (You found it in the Dungeon)

   [ring of wizardry]

   It improves your spell success rate.
   Dex:       It affects your dexterity (+3).
 P - the ring of Ruyloi {Ice rElec Str+4 Dex-5}
   (You found it in the Dungeon)

   [ring of ice]

   It enhances your ice magic.
   Str:       It affects your strength (+4).
   Dex:       It affects your dexterity (-5).
   rF:        It makes you vulnerable to fire.
   rC:        It protects you from cold.
   rElec:     It insulates you from electricity.
 R - a ring of see invisible
 T - a ring of protection from cold
 X - the ring "Geidghaas" {rF+ rC+ Will+ MP+9 Int+3}
   (You found it in the Dungeon)

   [ring of protection from cold]

   Int:       It affects your intelligence (+3).
   rF:        It protects you from fire.
   rC:        It protects you from cold.
   MP:        It affects your magic capacity (+9).
   Will:      It increases your willpower.
 Z - a ring of resist corrosion
Wands
 w - a wand of acid (5)
 V - a wand of paralysis (6)
Scrolls
 e - 3 scrolls of brand weapon
 k - 4 scrolls of blinking
 r - 4 scrolls of amnesia
 s - 7 scrolls of fog
 t - 5 scrolls of identify
 u - 2 scrolls of fear
Potions
 f - 9 potions of curing
 g - 6 potions of heal wounds
 h - 5 potions of haste
 i - 6 potions of magic
 j - 4 potions of berserk rage
 m - 2 potions of brilliance
 n - 2 potions of invisibility
 o - 3 potions of resistance
 q - 5 potions of might
Miscellaneous
 z - a box of beasts
 A - a tin of tremorstones (2/2)
 E - a lightning rod (4/4)
 I - a condenser vane
 Q - a phantom mirror
 S - a phial of floods


   Skills:
 + Level 16.4 Fighting
 * Level 17.4 Axes
 - Level 1.7 Throwing
 + Level 13.7 Armour
 + Level 12.9 Dodging
 + Level 13.7 Shields
 - Level 7.0 Spellcasting
 - Level 7.0 Translocations
 * Level 23.4 Invocations
 - Level 12.0 Evocations


You had 25 spell levels left.
You knew the following spells:

 Your Spells              Type           Power      Damage    Failure   Level
a - Blink                 Tloc           34%        N/A       43%         2

Your spell library contained the following spells:

 Spells                   Type           Power      Damage    Failure   Level
 Apportation              Tloc           34%        N/A       32%         1
 Lesser Beckoning         Tloc           34%        N/A       43%         2
 Momentum Strike          Conj/Tloc      20%        3d8       90%         2
 Beastly Appendage        Tmut           6%         N/A       99%         1
 Necrotise                Necr           12%        1d4       99%         1
 Shock                    Conj/Air       12%        1d3       99%         1
 Slow                     Hex            12%        N/A       99%         1
 Summon Small Mammal      Summ           12%        N/A       99%         1
 Vhi's Electric Charge    Tloc/Air       20%        N/A       99%         3
 Ensorcelled Hibernation  Hex/Ice        6%         N/A       100%        2
 Passwall                 Tmut/Erth      2%         N/A       100%        2
 Wereblood                Tmut           3%         N/A       100%        2
 Call Canine Familiar     Summ           3%         N/A       100%        3
 Confusing Touch          Hex            3%         N/A       100%        3
 Frozen Ramparts          Ice            6%         1d1       100%        3
 Inner Flame              Hex/Fire       3%         N/A       100%        3
 Kindle Blastsparks       Fire/Tloc/Air  16%        2d11      100%        3
 Mephitic Cloud           Conj/Pois/Air  3%         N/A       100%        3
 Spider Form              Tmut/Pois      3%         N/A       100%        3
 Summon Guardian Golem    Hex/Summ       3%         N/A       100%        3
 Swiftness                Air            3%         N/A       100%        3
 Vampiric Draining        Necr           3%         2d6       100%        3
 Airstrike                Air            1%         2d(1-17)  100%        4
 Anguish                  Hex/Necr       1%         N/A       100%        4
 Animate Dead             Necr           3%         N/A       100%        4
 Cause Fear               Hex            1%         N/A       100%        4
 Flame Wave               Conj/Fire      3%         2d5       100%        4
 Fulminant Prism          Conj/Hex       1%         3d5       100%        4
 Ice Form                 Ice/Tmut       3%         N/A       100%        4
 Iskenderun's Mystic Bla  Conj/Tloc      10%        2d4       100%        4
 Leda's Liquefaction      Hex/Erth       1%         N/A       100%        4
 Olgreb's Toxic Radiance  Pois           3%         N/A       100%        4
 Petrify                  Tmut/Erth      3%         N/A       100%        4
 Summon Ice Beast         Ice/Summ       3%         N/A       100%        4
 Summon Lightning Spire   Summ/Air       3%         N/A       100%        4
 Alistair's Intoxication  Tmut/Pois      2%         N/A       100%        5
 Arcjolt                  Conj/Air       1%         1d11      100%        5
 Borgnjor's Vile Clutch   Necr/Erth      1%         N/A       100%        5
 Fireball                 Conj/Fire      1%         3d3       100%        5
 Iskenderun's Battlesphe  Conj           3%         2d6       100%        5
 Lee's Rapid Deconstruct  Erth           1%         3d4*      100%        5
 Lightning Bolt           Conj/Air       1%         1d12      100%        5
 Metabolic Englaciation   Hex/Ice        1%         N/A       100%        5
 Summon Forest            Summ/Tloc      5%         N/A       100%        5
 Summon Mana Viper        Hex/Summ       3%         N/A       100%        5
 Conjure Ball Lightning   Conj/Air       1%         3x3d6     100%        6
 Death Channel            Necr           1%         N/A       100%        6
 Eringya's Noxious Bog    Tmut/Pois      1%         N/A       100%        6
 Starburst                Conj/Fire      1%         6d3       100%        6
 Statue Form              Tmut/Erth      2%         N/A       100%        6
 Summon Cactus Giant      Summ           1%         N/A       100%        6
 Enfeeble                 Hex            1%         N/A       100%        7
 Monstrous Menagerie      Summ           1%         N/A       100%        7
 Orb of Destruction       Conj           1%         9d5       100%        7
 Ozocubu's Refrigeration  Ice            1%         4d7       100%        7
 Borgnjor's Revivificati  Necr           1%         N/A       100%        8
 Discord                  Hex            1%         N/A       100%        8
 Disjunction              Tloc           8%         N/A       100%        8
 Ignition                 Fire           1%         3d3       100%        8
 Maxwell's Capacitive Co  Air            1%         ∞         100%        8
 Necromutation            Tmut/Necr      1%         N/A       100%        8
 Chain Lightning          Conj/Air       1%         3d2       100%        9
 Death's Door             Necr           1%         N/A       100%        9


Dungeon Overview and Level Annotations

Branches:
Dungeon (1/1)

Altars:
Ashenzari
Cheibriados
Dithmenos
Fedhas
Gozag
Hepliaklqana
Kikubaaqudgha
Makhleb
Nemelex Xobeh
Okawaru
Qazlal
Ru
Sif Muna
Trog
Uskayaw
Vehumet
Wu Jian
Xom
Yredelemnul
Jiyva
Lugonu


Innate Abilities, Weirdness & Mutations

You have claws for hands.
You are partially covered in large bone plates. (SH +4)
Spells you cast may paralyse adjacent enemies.


Message History

You hit the iron golem but do no damage.
Your sun demon hits the iron golem but does no damage.
Your red devil hits the iron golem but does no damage.
The iron golem hits you!
You feel more protected from physical attacks.
You block the iron golem's attack.
BONNNG!
You block the iron golem's attack.
BONNNG!
The iron golem hits you. You block the iron golem's attack.
BONNNG!
You block the iron golem's attack.
PANG!
You hit the iron golem but do no damage.
The iron golem is severely damaged.
You slash the iron golem!
You hit the iron golem but do no damage.
Visions of slaying the iron golem flood into your mind.
Your sixfirhy hits the iron golem but does no damage.
Your sun demon hits the iron golem.
The iron golem is engulfed in flames.
The iron golem completely resists.
You slice the iron golem!! You open a gate to Pandemonium!
A demon appears!
The iron golem is severely damaged.
You slice the iron golem!!
You hit the iron golem but do no damage.
Visions of slaying the iron golem flood into your mind.
Your sixfirhy hits the iron golem but does no damage. x2
Your red devil hits the iron golem from afar with a +0 trident!
The iron golem is skewered by barbed spikes.
The iron golem hits you!
* * * LOW HITPOINT WARNING * * *
You block the iron golem's attack.
SHROANNG!
You block the iron golem's attack.
BONNNG!
The iron golem hits you but does no damage.
You block the iron golem's attack.
GONNNNG!
The iron golem hits you!!
You die...

......8▓ ▓...}[†[.
......_▓
.....○§§.§.§§..▓...†..|.
......8▓
......§§☼.§§§..▓......[.
......_▓
≈°§§§§.§.≈§§§..▓......†.
......8▓
.§§§☼§≈.≈§..§≈.▓...[..†.
......_▓
.§§§§§...§§.§.≈▓........
......8▓
.≈.≈.3≈9○§§§..≈▓..▓....[
......_▓
.≈≈..3999......▓.▓▓▓..[[
......8▓ ..▓.°3@≈3)▓..
▓..▓..... ......_▓ .
▓≈▓.≈4.○▓.▓ .▓........
8_8_8_8▓
...▓...☼§≈.▓...▓......©.
▓▓▓▓▓▓▓▓
...≈.......≈≈..▓▓▓▓▓▓▓▓▓
..≈..≈.©...≈≈..▓.....8©8
▓▓▓▓▓▓▓▓▓▓▓▓▓▓▓▓..|[)[[=
▓..[)[).. ▓........
▓........


You could see 4 iron golems, a friendly sun demon (summoned), 2 friendly
sixfirhies, a friendly neqoxec (summoned) and a friendly red devil (summoned).

Vanquished Creatures
  A caustic shrike (D)
  A bone dragon (D)
  An iron giant (D)
  2 Hell Sentinels (D)
  4 ancient champions (D)
  A draconian monk (D)
  A storm dragon (D)
  2 quicksilver elementals (D)
  2 ghost moths (D)
  2 iron dragons (D)
  An emperor scorpion (D)
  2 war gargoyles (D)
  A reaper (D)
  A vampire knight (D)
  5 spriggan air magi (D)
  2 radroaches (D)
  Erica (D)
  2 crystal echidnas (D)
  A sun moth (D)
  A skeletal warrior (D)
  4 wretched stars (D)
  2 orb spiders (D)
  A steelbarb worm (D)
  2 necromancers (D)
  9 starcursed masses (D)
  A wolf spider (D)
  A moth of wrath (D)
  2 toenail golems (D)
  2 demonic crawlers (D)
  A smoke demon (D)
  A rust devil (D)
  2 torpor snails (D)
  A cane toad (D)
  A hellion (D)
  A komodo dragon (D)
  3 efreet (D)
  2 ancient zymes (D)
  A queen bee (shapeshifter) (D)
  4 wind drakes (D)
  8 hornets (D)
  A tarantella (D)
  A raiju (D)
  A large abomination (D)
  3 air elementals (D)
  A culicivora (D)
  5 jumping spiders (D)
  4 shadows (D)
  A vampire (D)
  Sigmund (D)
  3 fire elementals (D)
  2 yaks (D)
  2 redbacks (D)
  A chaos spawn (D)
  A basilisk (D)
  Edmund (D)
  A hell hound (D)
  Duvessa (D)
  A water moccasin (D)
  5 bullfrogs (D)
  Blork the orc (D)
  A necrophage (D)
  2 wights (D)
  5 small abominations (D)
  Dowan (D)
  2 crimson imps (D)
  4 quasits (D)
  Crazy Yiuf (D)
  An orc priest (D)
  5 iron imps (D)
  Jessica (D)
  An orc wizard (D)
  A hell rat (D)
  A river rat (D)
  3 shadow imps (D)
  8 white imps (D)
  3 ufetubi (D)
  An adder skeleton (D)
  An orc (D)
  3 ball pythons (D)
  A ball python skeleton (D)
  2 lurking horrors (D)
168 creatures vanquished.

Vanquished Creatures (collateral kills)
  A titan (D)
  An ancient champion (D)
  A storm dragon (D)
  A toenail golem (D)
  A blink frog (D)
  A large abomination (D)
  A water moccasin (D)
  A bullfrog (D)
  A crimson imp (D)
  2 quasits (D)
  An orc wizard (D)
  A hell rat (D)
  3 shadow imps (D)
  2 ufetubi (D)
  A bat zombie (D)
  A jackal (D)
  2 ball pythons (D)
  A ball python zombie (D)
23 creatures vanquished.

Grand Total: 191 creatures vanquished

Notes
Turn   | Place    | Note
-------+----------+-------------------------------------------
     0 | D        | Turgor the Demonspawn Gladiator began the quest for the
                  | Orb.
     0 | D        | Reached XP level 1. HP: 16/16 MP: 1/1
     3 | D        | Found a blossoming altar of Fedhas.
     3 | D        | Found the +6 Majin-Bo {spellvamp, MP+6 Int+6}
     3 | D        | Found the +27 heavy crossbow "Sniper" {heavy, Acc+∞ SInv}
     3 | D        | Found the +10 dark maul {heavy}
     3 | D        | Found the +15 Maxwell's patent armour {-Cast -Tele rElec
                  | Will+ rCorr}
     3 | D        | Found the +18 shield of the Gong {Loud rN+ Will+ rCorr
                  | EV-5}
     3 | D        | Found the +16 obsidian axe {drain, demonic, Mesm Drain Fly
                  | SInv}
     3 | D        | Found the +7 great mace "Firestarter" {flame, inner flame,
                  | rFlCloud rF++}
     3 | D        | Found the +6 shillelagh "Devastator" {shatter}
     3 | D        | Found the +11 plutonium sword {Contam Stlth-}
     3 | D        | Found the +8 lance "Wyrmbane" {slay drac, rPois rF+ rC+
                  | AC+3}
     3 | D        | Found the +9 sword of Zonguldrok {reap}
     3 | D        | Found the +13 scythe of Curses {drain, curses, Drain}
     3 | D        | Found the +9 sword of Power {lifebolt}
     3 | D        | Found the +7 mace of Variability {chaos, chain chaos}
     3 | D        | Found the +11 Singing Sword {sonic wave}
     3 | D        | Found the +8 storm bow {elec, penet}
     6 | D        | Found a shimmering blue altar of Sif Muna.
     6 | D        | Found a sacrificial altar of Ru.
     6 | D        | Found a bloodstained altar of Trog.
     6 | D        | Found a stormy altar of Qazlal.
     6 | D        | Found an iron altar of Okawaru.
     6 | D        | Found a sparkling altar of Nemelex Xobeh.
     8 | D        | Found a transporter.
     8 | D        | Found an ancient bone altar of Kikubaaqudgha.
     8 | D        | Found a viscous altar of Jiyva.
     8 | D        | Found a corrupted altar of Lugonu.
     8 | D        | Found a hazy altar of Hepliaklqana.
     8 | D        | Found a burning altar of Makhleb.
     8 | D        | Found an opulent altar of Gozag.
    39 | D        | Became a worshipper of Qazlal Stormbringer
    65 | D        | Entered arena 2.
    65 | D        | Noticed a jumping spider
    65 | D        | Noticed a jumping spider
    65 | D        | Found a transporter.
    70 | D        | Killed a jumping spider
    71 | D        | Reached skill level 5 in Fighting
    71 | D        | Reached skill level 5 in Axes
    71 | D        | Reached skill level 6 in Invocations
    71 | D        | Gained mutation: You are partially covered in large bone
                  | plates. (SH +4) [demonic ancestry]
    71 | D        | Reached XP level 2. HP: 25/27 MP: 1/6
    71 | D        | Reached XP level 3. HP: 30/33 MP: 1/7
    71 | D        | Reached XP level 4. HP: 36/39 MP: 1/8
    71 | D        | Reached XP level 5. HP: 40/44 MP: 1/9
    78 | D        | Killed a jumping spider
    79 | D        | Reached skill level 5 in Armour
    79 | D        | Reached skill level 8 in Invocations
    79 | D        | Gained mutation: You have sharp fingernails. [demonic
                  | ancestry]
    79 | D        | Reached XP level 6. HP: 52/53 MP: 2/12
   156 | D        | Entered arena 3.
   156 | D        | Noticed a toenail golem
   156 | D        | Noticed a toenail golem
   156 | D        | Noticed a toenail golem
   156 | D        | Found a transporter.
   163 | D        | Killed a toenail golem
   163 | D        | Reached * piety under Qazlal
   164 | D        | Reached skill level 9 in Invocations
   164 | D        | Reached XP level 7. HP: 49/61 MP: 12/14
   164 | D        | Killed a toenail golem
   164 | D        | Killed a toenail golem
   165 | D        | Reached skill level 11 in Invocations
   165 | D        | Gained mutation: You have very sharp fingernails. [demonic
                  | ancestry]
   165 | D        | Reached XP level 8. HP: 57/71 MP: 12/16
   205 | D        | Entered arena 4.
   205 | D        | Found the +8 mithril axe "Arga" {speed, Will+}
   205 | D        | Found a transporter.
   207 | D        | Reached ** piety under Qazlal
   219 | D        | Entered arena 5.
   219 | D        | Found a transporter.
   219 | D        | Reached *** piety under Qazlal
   238 | D        | Entered arena 6.
   238 | D        | Found a transporter.
   238 | D        | Reached **** piety under Qazlal
   267 | D        | Entered arena 7.
   268 | D        | Found a transporter.
   268 | D        | Reached ***** piety under Qazlal
   269 | D        | Reached skill level 1 in Evocations
   277 | D        | Got the ring of Ruyloi {Ice rElec Str+4 Dex-5}
   283 | D        | Learned a level 2 spell: Blink
   284 | D        | Entered arena 8.
   284 | D        | Noticed a cane toad
   285 | D        | Found a transporter.
   288 | D        | Killed a cane toad
   288 | D        | Reached ****** piety under Qazlal
   289 | D        | Reached skill level 1 in Spellcasting
   289 | D        | Reached skill level 1 in Translocations
   289 | D        | Reached XP level 9. HP: 77/77 MP: 17/17
   291 | D        | Reached skill level 12 in Invocations
   299 | D        | Entered arena 9.
   299 | D        | Noticed an efreet
   299 | D        | Noticed an efreet
   299 | D        | Noticed an efreet
   300 | D        | Killed an efreet
   300 | D        | Killed an efreet
   301 | D        | Reached skill level 10 in Fighting
   301 | D        | Killed an efreet
   302 | D        | Reached skill level 13 in Invocations
   302 | D        | Found a transporter.
   316 | D        | Got the +9 dire flail of the Piercing Ass {drain, +Blink
                  | Will+ SInv}
   392 | D        | Entered arena 10.
   392 | D        | Noticed Sigmund
   392 | D        | Noticed Jessica
   392 | D        | Noticed Blork the orc
   392 | D        | Noticed Crazy Yiuf
   392 | D        | Noticed Dowan
   392 | D        | Noticed Duvessa
   392 | D        | Noticed Edmund
   392 | D        | Noticed Erica
   393 | D        | Killed Duvessa
   393 | D        | Killed Jessica
   393 | D        | Killed Blork the orc
   393 | D        | Killed Edmund
   393 | D        | Killed Sigmund
   393 | D        | Killed Crazy Yiuf
   393 | D        | Killed Dowan
   394 | D        | Reached skill level 5 in Evocations
   394 | D        | Reached XP level 10. HP: 86/86 MP: 10/19
   394 | D        | Found a transporter.
   396 | D        | Killed Erica
   397 | D        | Reached skill level 10 in Axes
   427 | D        | Entered arena 11.
   427 | D        | Found the +5 demon whip "Spellbinder" {antimagic, disrupt,
                  | Will+}
   427 | D        | Noticed a smoke demon
   427 | D        | Noticed a starcursed mass
   428 | D        | Killed a starcursed mass
   428 | D        | Killed a smoke demon
   429 | D        | Reached skill level 10 in Armour
   429 | D        | Found a transporter.
   434 | D        | Killed a starcursed mass
   435 | D        | Reached skill level 14 in Invocations
   501 | D        | Entered arena 12.
   501 | D        | Noticed an emperor scorpion
   501 | D        | Noticed a demonic crawler
   501 | D        | Noticed a steelbarb worm
   502 | D        | Noticed an orb spider
   503 | D        | Killed an orb spider
   503 | D        | Killed a demonic crawler
   504 | D        | Killed an emperor scorpion
   504 | D        | Killed a steelbarb worm
   505 | D        | Reached skill level 10 in Shields
   505 | D        | Reached skill level 15 in Invocations
   505 | D        | Gained mutation: Spells you cast may paralyse adjacent
                  | enemies. [demonic ancestry]
   505 | D        | Reached XP level 11. HP: 95/95 MP: 4/22
   505 | D        | Found a transporter.
   511 | D        | Got the ring of Usitoi {Will++ AC+4 Int+3 Stlth+}
   511 | D        | Got the amulet "Viheiluo" {Acrobat rN+}
   603 | D        | Entered arena 13.
   603 | D        | Noticed a vampire knight
   603 | D        | Noticed a necromancer
   604 | D        | Noticed a necromancer
   604 | D        | Noticed a skeletal warrior
   604 | D        | Found the amulet of Elemental Vulnerability {rPois rF--
                  | rC-- AC+8}
   605 | D        | Killed a necromancer
   605 | D        | Killed a necromancer
   606 | D        | Reached skill level 5 in Spellcasting
   606 | D        | Reached skill level 5 in Translocations
   606 | D        | Killed a vampire knight
   606 | D        | Killed a skeletal warrior
   607 | D        | Reached skill level 16 in Invocations
   607 | D        | Found a transporter.
   616 | D        | Got Engivuk's Compendium of Puissant Iniquitous Arts
   699 | D        | Entered arena 14.
   706 | D        | Reached skill level 5 in Dodging
   711 | D        | Found a transporter.
   734 | D        | Entered arena 15.
   734 | D        | Noticed a wretched star
   737 | D        | Killed a wretched star
   739 | D        | Found a transporter.
   752 | D        | Got the ring "Geidghaas" {rF+ rC+ Will+ MP+9 Int+3}
   759 | D        | Got the Spellbook of Blasted Coordinates
   905 | D        | Entered arena 16.
   906 | D        | Noticed a bone dragon
   907 | D        | Noticed a green draconian monk
   913 | D        | Killed a green draconian monk
   914 | D        | Gained mutation: You have claws for hands. [demonic
                  | ancestry]
   914 | D        | Reached XP level 12. HP: 100/105 MP: 7/24
   927 | D        | Killed a bone dragon
   930 | D        | Found a transporter.
   941 | D        | Got the Secrets of Astrapomancy
  1000 | D        | Entered arena 17.
  1001 | D        | Noticed a spriggan air mage
  1002 | D        | Identified the ring of Urutet {*Corrode rPois Str+6 Dex+3
                  | SInv}
  1002 | D        | Noticed a spriggan air mage
  1002 | D        | Noticed a spriggan air mage
  1002 | D        | Noticed a storm dragon
  1003 | D        | Killed a spriggan air mage
  1003 | D        | Killed a spriggan air mage
  1003 | D        | Paralysed by an air elemental for 1 turns
  1003 | D        | Noticed a storm dragon
  1004 | D        | Reached skill level 17 in Invocations
  1004 | D        | Reached skill level 10 in Evocations
  1004 | D        | Killed a spriggan air mage
  1004 | D        | Noticed a spriggan air mage
  1004 | D        | Noticed a spriggan air mage
  1005 | D        | Killed a storm dragon
  1005 | D        | Killed a spriggan air mage
  1005 | D        | Noticed a titan
  1010 | D        | Killed a spriggan air mage
  1013 | D        | Killed a storm dragon
  1014 | D        | Reached skill level 18 in Invocations
  1017 | D        | Killed a titan
  1135 | D        | Found a transporter.
  1136 | D        | Reached XP level 13. HP: 114/114 MP: 26/26
  1153 | D        | Got the ring "Omesex" {Wiz Dex+3}
  1166 | D        | Entered arena 18.
  1168 | D        | Noticed a reaper
  1169 | D        | Noticed a starcursed mass
  1170 | D        | Noticed a starcursed mass
  1171 | D        | Reached skill level 19 in Invocations
  1171 | D        | Killed a reaper
  1172 | D        | Reached XP level 14. HP: 121/121 MP: 10/27
  1173 | D        | Found a transporter.
  1175 | D        | Reached skill level 10 in Dodging
  1295 | D        | Entered arena 19.
  1297 | D        | Noticed a ghost moth
  1297 | D        | Noticed a ghost moth
  1298 | D        | Killed a ghost moth
  1299 | D        | Reached skill level 15 in Fighting
  1299 | D        | Reached skill level 15 in Axes
  1299 | D        | Reached skill level 20 in Invocations
  1299 | D        | Killed a ghost moth
  1301 | D        | Found the +4 robe of Folly {Brill Will-∞ Int+8}
  1302 | D        | Found a transporter.
  1386 | D        | Got the amulet "Tytyuve" {rC+ Regen+ MP+9 Dex-5 Slay+2}
  1402 | D        | Got the amulet "Zicie" {Acrobat -Cast rElec rCorr Str+3}
  1406 | D        | Entered arena 20.
  1409 | D        | Noticed a war gargoyle
  1409 | D        | Noticed a quicksilver elemental
  1410 | D        | Noticed an iron giant
  1410 | D        | Noticed an ancient champion
  1410 | D        | Noticed an iron dragon
  1410 | D        | Noticed a war gargoyle
  1410 | D        | Noticed a caustic shrike
  1410 | D        | Noticed a quicksilver elemental
  1411 | D        | Killed a quicksilver elemental
  1411 | D        | Killed a quicksilver elemental
  1412 | D        | Reached skill level 21 in Invocations
  1412 | D        | Killed a caustic shrike
  1412 | D        | Killed an iron dragon
  1412 | D        | Killed a war gargoyle
  1412 | D        | Noticed an iron dragon
  1412 | D        | Noticed an ancient champion
  1413 | D        | Killed an ancient champion
  1413 | D        | Noticed an ancient champion
  1413 | D        | Noticed an ancient champion
  1414 | D        | Reached skill level 22 in Invocations
  1414 | D        | Noticed an ancient champion
  1415 | D        | Noticed a Hell Sentinel
  1417 | D        | Noticed a Hell Sentinel
  1418 | D        | Killed a war gargoyle
  1420 | D        | Killed an ancient champion
  1421 | D        | Killed an iron dragon
  1421 | D        | Killed an ancient champion
  1421 | D        | Killed an iron giant
  1421 | D        | Killed a Hell Sentinel
  1422 | D        | Killed an ancient champion
  1422 | D        | Killed a Hell Sentinel
  1423 | D        | Reached skill level 23 in Invocations
  1424 | D        | Killed an ancient champion
  1438 | D        | Slain by an iron golem

Illustrated notes

Levels and vault maps discovered:
D:        sprint_v [room_start, room_1, room_2, room_3, room_4, room_5, room_6,
          room_7, room_8, room_9, room_10, room_11, room_12, room_13, room_14,
          room_15, room_16, room_17, room_18, room_19, room_20, room_21,
          room_22, room_23, room_24, room_25, room_26, room_27]

Skill      XL: |  1  2  3  4  5  6  7  8  9 10 11 12 13 14 |
---------------+-------------------------------------------+-----
Fighting       | 5 6 7 9 10 12 13 14 16 | 16.4
Axes           | 5 6 7 8 9 11 12 14 17 | 17.4
Armour         | 4 5 6 8 9 10 11 13 | 13.7
Dodging        | 3 6 9 12 | 12.9
Invocations    | 6 8 9 11 13 15 16 18 19 23 | 23.4
Shields        | 3 4 6 7 8 10 11 13 | 13.7
Evocations     | 2 5 8 9 10 11 12 | 12.0
Spellcasting   | 1 3 4 6 7 |  7.0
Translocations | 1 2 4 6 7 |  7.0
Throwing       | |  1.7

Action                     |  1- 3 |  4- 6 |  7- 9 | 10-12 | 13-15 || total
---------------------------+-------+-------+-------+-------+-------++-------
  Melee: Broad axe         |     3 |     8 |    15 |    36 |    21 ||    83
  Throw: Javelin           |     1 |       |       |       |       ||     1
 Invoke: Disaster Area     |       |       |     2 |    12 |    10 ||    24
  Evoke: Wand              |     1 |     2 |     1 |       |       ||     4
         Lightning rod     |       |     1 |       |     2 |       ||     3
         Box of beasts     |       |       |       |     2 |     1 ||     3
         Phantom mirror    |       |       |       |     1 |     1 ||     2
         Phial of floods   |       |       |       |     1 |       ||     1
         Condenser vane    |       |       |       |       |     1 ||     1
    Use: Potion            |       |       |       |     2 |     7 ||     9
   Stab: Distracted        |       |       |       |       |     1 ||     1
 Armour: Gold dragon scale |     5 |     9 |     3 |    15 |     8 ||    40
  Dodge: Dodged            |       |       |       |     3 |     2 ||     5
         Repelled          |       |       |       |       |     1 ||     1
  Block: Kite shield       |     4 |    13 |    24 |    76 |    58 ||   175

Table legend: (Time is in decaauts)
 A = Elapsed time spent in this place.
 B = Non-inter-level travel time spent in this place.
 C = Inter-level travel time spent in this place.
 D = Time resting spent in this place.
 E = Time spent auto-exploring this place.
 F = Levels seen in this place.
 G = Mean time per level.
                   A        B        C        D        E       F      G
               +--------+--------+--------+--------+--------+-----+--------+
         Total |   1443 |   1436 |      7 |    631 |    184 |   1 | 1443.0 |
       Dungeon |   1443 |   1436 |      7 |    631 |    184 |   1 | 1443.0 |
               +--------+--------+--------+--------+--------+-----+--------+

Top non-repeatable levels by time:
       D: 1443 daAuts
